 Dungeon Crawl Stone Soup version 0.29-a0-284-gf9362112df (webtiles) character file.

Game seed: 8413002397665102818

56119 yunder69 the Warrior (level 14, -6/136 HPs)
             Began as a Minotaur Berserker on Mar 26, 2022.
             Was a Priest of Makhleb.
             Mangled by a polar bear (22 damage)
             ... created by the rage of Trog
             ... on level 2 of the Orcish Mines.
             The game lasted 01:53:05 (28533 turns).

yunder69 the Warrior (Minotaur Berserker)          Turns: 28533, Time: 01:53:05

Health: -6/136     AC: 19    Str: 19    XL:     14   Next: 40%
Magic:  13/13      EV: 11    Int:  8    God:    Makhleb [***...]
Gold:   1607       SH: 15    Dex: 12    Spells: 13/13 levels left

rFire   + + .      SeeInvis .   y - +7 mace "Demon's Demise" {spect, Fly rElec Stlth+}
rCold   + + .      Faith    +   X - +2 shield of Resistance {rF++ rC++ Will++}
rNeg    . . .      Spirit   .   H - +0 plate armour
rPois   .          Reflect  .   (helmet restricted)
rElec   +          Harm     .   (no cloak)
rCorr   .          Rampage  .   (no gloves)
Will    ++++.                   b - +2 pair of boots
Stlth   ..........              J - amulet of faith
HPRegen 0.32/turn               p - +4 ring of evasion
MPRegen 0.13/turn               P - ring of willpower

@: about to teleport, flying
A: horns 2, retaliatory headbutt, weak 1
a: Renounce Religion, Minor Destruction, Lesser Servant of Makhleb


You were on level 2 of the Orcish Mines.
You worshipped Makhleb.
Makhleb was most pleased with you.
You visited 4 branches of the dungeon, and saw 20 of its levels.

You collected 1709 gold pieces.
You spent 102 gold pieces at shops.

Inventory:

Hand Weapons
 a - a +0 morningstar
 y - the +7 mace "Demon's Demise" (weapon) {spect, Fly rElec Stlth+}
   (You found it on level 3 of the Dungeon)

   When its wielder attacks, the weapon's spirit leaps out and strikes again.
   The spirit shares a part of any damage it takes with its wielder.
   rElec:     It insulates you from electricity.
   Fly:       It grants you flight.
   Stlth:     It makes you more stealthy.
 B - a +1 vorpal demon trident
 M - a +2 lajatang of electrocution
 O - the +3 trident "Retzeho" {freeze, rElec}
   (You found it on level 6 of the Lair of Beasts)

   It freezes those it strikes, dealing additional cold damage.
   It can also slow down cold-blooded creatures.
   rElec:     It insulates you from electricity.
Missiles
 o - 2 silver javelins
 s - 4 throwing nets (quivered)
 x - 41 poisoned darts
 A - 20 boomerangs
Armour
 b - a +2 pair of boots (worn)
 H - a +0 plate armour (worn)
 X - the +2 shield of Resistance (worn) {rF++ rC++ Will++}
   (You acquired it on level 2 of the Lair of Beasts)

   rF:        It greatly protects you from fire.
   rC:        It greatly protects you from cold.
   Will:      It greatly increases your willpower.
Jewellery
 k - an amulet of the acrobat
 p - a +4 ring of evasion (left hand)
 r - an amulet of reflection
 w - a ring of fire
 C - a ring of ice
 G - the amulet of Haempea {RegenMP Rampage +Blink}
   (You found it on level 7 of the Dungeon)

   [amulet of magic regeneration]

   It increases your rate of magic regeneration.
   +Blink:    It lets you blink.
   Rampage:   It bestows one free step when moving towards enemies.
 J - an amulet of faith (around neck)
 N - an amulet of the acrobat
 P - a ring of willpower (right hand)
 S - the ring of Shadows {Umbra +Inv Stlth+}
   (You found it on level 1 of the Lair of Beasts)

   [ring of stealth]

   It surrounds you with an aura of shadow, increasing your stealth and reducing
   the accuracy of all others within it.
   +Inv:      It lets you turn invisible.
   Stlth:     It makes you more stealthy.
Wands
 g - a wand of flame (19)
 j - a wand of iceblast (11)
 E - a wand of charming (17)
 K - a wand of digging (2)
 Q - a wand of paralysis (1)
 W - a wand of polymorph (7)
 Z - a wand of acid (9)
Scrolls
 m - 6 scrolls of identify
 n - 3 scrolls of enchant armour
 u - 5 scrolls of teleportation
 D - a scroll of magic mapping
 I - 2 scrolls of enchant weapon
 R - a scroll of blinking
 T - a scroll of acquirement
Potions
 d - 3 potions of magic
 e - 2 potions of berserk rage
 f - 4 potions of haste
 h - 3 potions of mutation
 i - 8 potions of curing
 l - 4 potions of heal wounds
 q - a potion of resistance
 t - 3 potions of lignification
 v - 3 potions of might
 z - a potion of cancellation
 F - 5 potions of brilliance
 U - 2 potions of ambrosia


   Skills:
 + Level 15.7 Fighting
 - Level 14.0(14.7) Maces & Flails
 - Level 5.8(7.5) Polearms
 - Level 7.5(12.2) Staves
 + Level 14.0 Armour
 - Level 3.4 Dodging
 + Level 15.1 Shields


You had 13 spell levels left.
You didn't know any spells.
Your spell library contained the following spells:

 Spells                   Type           Power      Damage    Failure   Level
 Corpse Rot               Necr/Air       0%         N/A       100%        2
 Poisonous Vapours        Pois/Air       0%         N/A       100%        2
 Hailstorm                Conj/Ice       0%         3d3       100%        4
 Ice Form                 Ice/Tmut       0%         N/A       100%        4
 Summon Forest            Summ/Tloc      0%         N/A       100%        5
 Eringya's Noxious Bog    Tmut/Pois      0%         N/A       100%        6
 Simulacrum               Ice/Necr       0%         N/A       100%        6
 Summon Hydra             Summ           0%         N/A       100%        7


Dungeon Overview and Level Annotations

Branches:
Dungeon (11/15)            Temple (1/1) D:7            Lair (6/6) D:11
 Shoals (0/4) Lair:2        Snake (0/4) Lair:2        Slime (0/5) Lair:6
    Orc (2/2) D:11
    Elf: Orc:2

Altars:
Ashenzari
Cheibriados
Dithmenos
Elyvilon
Fedhas
Gozag
Hepliaklqana
Kikubaaqudgha
Makhleb
Nemelex Xobeh
Okawaru
Qazlal
Ru
Sif Muna
Trog
Uskayaw
Vehumet
Wu Jian
Xom
Yredelemnul
Zin
The Shining One

Shops:
D:6 *[(((   D:7 ?(???   Orc:2 [([!


Innate Abilities, Weirdness & Mutations

You have a pair of horns on your head.
You reflexively headbutt those who attack you in melee.
You are weak. (Str -2)


Message History

You feel better. Urug barely misses you.
You sock Urug! Your headbutt misses Urug.
Urug is heavily wounded.
You hit Urug. You headbutt Urug, but do no damage.
Urug is heavily wounded.
Urug closely misses you. You furiously retaliate!
You headbutt Urug, but do no damage. You barely miss Urug.
Urug is heavily wounded.
Urug hits you but does no damage.
You closely miss Urug. You headbutt Urug, but do no damage.
Urug is heavily wounded.
Urug hits you with a +5 long sword!
* * * LOW HITPOINT WARNING * * *
You feel better.
Urug zaps a wand.
You resist with almost no effort.
You feel better. Urug hits you with a +5 long sword.
* * * LOW HITPOINT WARNING * * *
You sock Urug! Your headbutt misses Urug.
Urug is severely wounded.
You thump Urug!
Urug is almost dead.
Urug hits you with a +5 long sword!
* * * LOW HITPOINT WARNING * * *
You sock Urug!
You kill Urug!
Makhleb accepts your kill.
Your Armour skill increases to level 14!
You start resting.
Trog sends monsters to punish you.
A troll, an ogre, a black bear and 2 polar bears come into view.
Blink to where?
Press: ? - help, Dir - move target
As you read the scroll of blinking, it crumbles to dust.
The troll moves out of view.
The black bear moves out of view.
As you read the scroll of teleportation, it crumbles to dust.
You feel strangely unstable.
You hear an angry growl.
You hear an angry growl.
The polar bear bites you!!
You die...

#################
..........T..h..##
##############h..##
....)........##.O.#
....).........##h.#
....#####......#@.#
.....#.#.......#..#
)..#.....#.....#..##
))###...###..[.#)..##.##
#.)#.....#.)#))#........#
##)).#∩#...##.)..........
#....∩.∩....#............
##...#∩#...##............
#..#.....#..#..#.........


You could see 2 polar bears, a black bear (berserk) and an ogre (berserk).

Vanquished Creatures
  The ghost of Etewkasm the Grappler, a journeyman TrMo of Jiyva (Lair:5)
  The ghost of Fiha the Thaumaturge, a journeyman VSTm of Dithmenos (Lair:4)
  The ghost of Icykiwko the Destroyer, a journeyman DrCj of Sif Muna (Lair:2)
  7 hydras
  A boulder beetle (Lair:6)
  A merfolk avatar (Lair:6)
  2 two-headed ogres
  7 death yaks
  Urug (Orc:2)
  An orc high priest (Orc:2)
  A sea snake (Lair:6)
  Pikel (D:5)
  2 harpies (Lair:6)
  5 orc sorcerers
  A manticore (Lair:6)
  A moth of wrath (Lair:4)
  Maurice (D:8)
  5 elephants
  3 black mambas
  2 torpor snails
  12 komodo dragons
  12 cane toads
  Maggie (Lair:2)
  An unseen horror (D:11)
  A rime drake (Lair:5)
  5 trolls
  A merfolk (Lair:2)
  9 polar bears
  A wind drake (Lair:6)
  4 hornets
  2 dream sheep (Lair:6)
  19 blink frogs
  A snapping turtle (Lair:6)
  5 spriggans (Lair:4)
  2 hogs (D:11)
  3 wyverns
  37 yaks
  Eustachio (D:4)
  Grum (D:8)
  A human (D:11)
  3 basilisks
  2 steam dragons
  6 vampire mosquitoes (D:10)
  Menkaure (D:5)
  2 wargs
  4 nagas (Lair:2)
  11 water moccasins
  12 orc warriors
  9 black bears
  4 ice beasts
  4 ogres
  5 centaurs
  5 wolves
  2 lemures (D:5)
  A phantom (D:6)
  10 kobold brigands
  10 bullfrogs
  A necrophage (D:6)
  Blork the orc (D:4)
  2 gnoll sergeants
  2 scorpions
  A two-headed ogre simulacrum (D:11)
  3 wights (D:7)
  3 killer bees (D:11)
  9 howler monkeys
  2 electric eels
  Crazy Yiuf (D:3)
  4 gnoll shamans
  2 jellies (Lair:6)
  18 orc priests
  5 hounds (D:5)
  Jessica (D:3)
  24 orc wizards
  Terence (D:3)
  3 iguanas
  5 hell rats (Lair:6)
  A troll simulacrum (D:11)
  28 gnolls
  10 adders
  A naga simulacrum (D:11)
  5 white imps
  3 ufetubi
  A worm (D:3)
  3 dart slugs
  53 orcs
  4 ball pythons
  8 endoplasms
  4 giant cockroaches
  6 goblins
  5 hobgoblins
  4 jackals (D:2)
  6 quokkas
  4 bats
  5 frilled lizards
  15 kobolds
  3 rats
  A bush (Lair:6)
513 creatures vanquished.

Vanquished Creatures (collateral kills)
  A wolf (D:8)
  A phantom (D:6)
  A lemure (D:5)
  A wight (D:7)
  An orc priest (D:7)
  A jelly (D:5)
  6 gnolls
  An orc (D:8)
  5 kobolds (D:6)
18 creatures vanquished.

Vanquished Creatures (others)
  A lemure (D:5)
  2 hell rats (Lair:6)
  An orc (D:8)
  2 bushes (Lair:6)
  33 fungi
  58 plants
  2 withered plants (Lair:2)
99 creatures vanquished.

Grand Total: 630 creatures vanquished

Notes
Turn   | Place    | Note
-------+----------+-------------------------------------------
     0 | D:1      | yunder69 the Minotaur Berserker began the quest for the
                  | Orb.
     0 | D:1      | Reached XP level 1. HP: 19/19 MP: 0/0
     9 | D:1      | Reached XP level 2. HP: 27/27 MP: 1/1
    78 | D:1      | Found a faded altar of an unknown god.
   341 | D:1      | Reached XP level 3. HP: 33/33 MP: 2/2
   647 | D:1      | You fall into a shaft and drop 1 floor!
  1717 | D:2      | Reached ** piety under Trog
  2008 | D:3      | Reached XP level 4. HP: 41/41 MP: 3/3
  2033 | D:3      | Noticed Jessica
  2051 | D:3      | Killed Jessica
  2072 | D:3      | Noticed Terence
  2089 | D:3      | Killed Terence
  2240 | D:3      | Reached XP level 5. HP: 43/47 MP: 4/4
  2330 | D:3      | Found a glowing silver altar of Zin.
  2529 | D:3      | Found an ancient bone altar of Kikubaaqudgha.
  2680 | D:3      | Identified the +7 mace "Demon's Demise" {spect, Fly rElec
                  | Stlth+}
  2687 | D:3      | Found a runed translucent door.
  2704 | D:3      | Noticed Crazy Yiuf
  3012 | D:3      | Killed Crazy Yiuf
  3013 | D:3      | Reached skill level 5 in Fighting
  3013 | D:3      | Reached skill level 1 in Maces & Flails
  3129 | D:4      | Noticed Eustachio
  3147 | D:4      | Killed Eustachio
  3148 | D:4      | Reached XP level 6. HP: 56/56 MP: 5/5
  3182 | D:4      | Noticed an ice beast
  3215 | D:4      | Killed an ice beast
  3530 | D:4      | Reached XP level 7. HP: 63/63 MP: 6/6
  3539 | D:4      | Reached skill level 5 in Maces & Flails
  3730 | D:4      | Noticed Blork the orc
  3745 | D:4      | Killed Blork the orc
  3960 | D:5      | Entered Level 5 of the Dungeon
  4077 | D:5      | Noticed Pikel
  4079 | D:5      | Noticed Menkaure
  4098 | D:5      | Killed Menkaure
  4739 | D:5      | Killed Pikel
  4740 | D:5      | Reached XP level 8. HP: 74/74 MP: 7/7
  5010 | D:5      | Found a shimmering altar of Xom.
  6076 | D:6      | Reached skill level 10 in Maces & Flails
  6080 | D:6      | Reached XP level 9. HP: 82/82 MP: 8/8
  6198 | D:6      | Found Edwao's General Store.
  6368 | D:6      | Reached skill level 5 in Armour
  6780 | D:6      | Found Dup Fausm's Weapon Emporium.
  6940 | D:6      | Found an iron altar of Okawaru.
  7006 | D:6      | Found Pucker's Antique Weapon Emporium.
  7029 | D:6      | Found Erhelyifeh's Antique Weapon Shoppe.
  7176 | D:6      | Reached *** piety under Trog
  7538 | D:6      | Found Wal Qeci's Armour Emporium.
  7673 | D:7      | Found Dazxufat's Magic Scroll Shoppe.
  7682 | D:7      | Found Xiatoess's Magic Scroll Shop.
  7741 | D:7      | Bought a scroll of magic mapping for 38 gold pieces
  7741 | D:7      | Bought a scroll of identify for 22 gold pieces
  8070 | D:7      | Found a staircase to the Ecumenical Temple.
  8140 | D:7      | Identified the amulet of Haempea {RegenMP Rampage +Blink}
  8146 | D:7      | Found Anlezon's Magic Scroll Emporium.
  8149 | D:7      | Bought a scroll of teleportation for 42 gold pieces
  8165 | D:7      | Found Joweghol's Antique Weapon Boutique.
  8440 | D:7      | Found Xuythrol's Magic Scroll Emporium.
  8778 | D:8      | Noticed a two-headed ogre
  8791 | D:8      | Killed a two-headed ogre
  8792 | D:8      | Reached skill level 10 in Fighting
  8851 | D:8      | Reached XP level 10. HP: 85/93 MP: 9/9
  8916 | D:8      | Noticed Maurice
  8969 | D:8      | Killed Maurice
  9052 | D:8      | Noticed Grum
  9082 | D:8      | Killed Grum
 10313 | D:9      | Reached skill level 1 in Shields
 11218 | D:10     | Entered Level 10 of the Dungeon
 12033 | D:11     | Noticed a two-headed ogre
 12039 | D:11     | Killed a two-headed ogre
 12066 | D:11     | Found a staircase to the Lair.
 12282 | D:11     | Reached skill level 5 in Shields
 12466 | D:11     | Reached XP level 11. HP: 102/102 MP: 10/10
 12478 | D:11     | Paralysed by a hornet for 2 turns
 13449 | D:11     | Found a staircase to the Orcish Mines.
 14509 | Lair:1   | Entered Level 1 of the Lair of Beasts
 14908 | Lair:1   | Noticed a seven-headed hydra
 14917 | Lair:1   | Killed a seven-headed hydra
 15546 | Lair:1   | Found the ring of Shadows {Umbra +Inv Stlth+}
 16186 | Lair:2   | Found a runed translucent door.
 16809 | Lair:2   | Found a staircase to the Shoals.
 16962 | Lair:2   | Found a staircase to the Snake Pit.
 16989 | Lair:2   | Identified 2 scrolls of acquirement
 16989 | Lair:2   | Acquired the +2 shield of Resistance {rF++ rC++ Will++}
 16989 | Lair:2   | Found the +2 shield of Resistance {rF++ rC++ Will++}
 17070 | Lair:2   | Reached skill level 10 in Armour
 17097 | Lair:2   | Reached XP level 12. HP: 108/113 MP: 11/11
 17115 | Lair:2   | Reached skill level 10 in Shields
 17135 | Lair:2   | Noticed Maggie
 17143 | Lair:2   | Killed Maggie
 17366 | Lair:2   | Noticed Icykiwko's ghost (journeyman DrCj)
 17472 | Lair:2   | Killed Icykiwko's ghost
 17798 | Lair:3   | Noticed a five-headed hydra
 17808 | Lair:3   | Killed a five-headed hydra
 17859 | Lair:3   | Noticed a death yak
 17860 | Lair:3   | Noticed a death yak
 17860 | Lair:3   | Noticed a death yak
 17874 | Lair:3   | Killed a death yak
 17877 | Lair:3   | Killed a death yak
 17880 | Lair:3   | Killed a death yak
 19275 | Lair:4   | Reached XP level 13. HP: 123/123 MP: 12/12
 19297 | Lair:4   | Found a transporter.
 19302 | Lair:4   | Noticed Fiha's ghost (journeyman VSTm)
 19312 | Lair:4   | Found a bloodstained altar of Trog.
 19323 | Lair:4   | Found a transporter.
 19423 | Lair:4   | Reached skill level 5 in Polearms
 19431 | Lair:4   | Killed Fiha's ghost
 21194 | Lair:5   | Found a runed translucent door.
 21196 | Lair:5   | Noticed Etewkasm's ghost (journeyman TrMo)
 21909 | Lair:5   | Killed Etewkasm's ghost
 21979 | Lair:6   | Entered Level 6 of the Lair of Beasts
 21991 | Lair:6   | Reached skill level 1 in Staves
 22765 | Lair:6   | Reached skill level 5 in Staves
 22913 | Lair:6   | Reached skill level 15 in Fighting
 23610 | Lair:6   | Reached XP level 14. HP: 107/135 MP: 13/13
 24339 | Lair:6   | Found a staircase to the Slime Pits.
 25094 | Lair:6   | Identified the +3 trident "Retzeho" {freeze, rElec}
 25910 | Temple   | Entered the Ecumenical Temple
 26580 | Temple   | Fell from the grace of Trog
 26580 | Temple   | Became a worshipper of Makhleb the Destroyer
 27003 | Orc:1    | Entered Level 1 of the Orcish Mines
 27616 | Orc:2    | Entered Level 2 of the Orcish Mines
 27832 | Orc:2    | Reached * piety under Makhleb
 28013 | Orc:2    | Found Utob's Armour Boutique.
 28013 | Orc:2    | Found Zumietio's Armour Shop.
 28030 | Orc:2    | Found Zali's Distillery.
 28074 | Orc:2    | Reached ** piety under Makhleb
 28092 | Orc:2    | Found Nuxus's Weapon Boutique.
 28190 | Orc:2    | Gained mutation: You are weak. (Str -2) [a neqoxec]
 28196 | Orc:2    | Reached skill level 15 in Shields
 28422 | Orc:2    | Reached *** piety under Makhleb
 28449 | Orc:2    | Noticed Urug
 28477 | Orc:2    | HP: 4/136 [something (12)]
 28477 | Orc:2    | HP: 1/136 [something (3)]
 28507 | Orc:2    | Killed Urug
 28533 | Orc:2    | Mangled by a polar bear

Illustrated notes

Levels and vault maps discovered:
D:1:      minmay_arrival_shoal_huts, layout_basic,
          nicolae_ecumenical_lake_church
D:2:      layout_basic, serial_park_tiny_2
D:3:      layout_loops_corners, kiku_gazebo_garden_becter,
          mainiacjoe_overflow_small_starburst, serial_bayou,
          serial_bayou_pond_a, serial_bayou_lake_a, serial_bayou_lagoon_b,
          serial_bayou_shore_b, kennysheep_decorative_pillar,
          minmay_misc_feat_nine_boxes, feat_on_display, uniq_crazy_yiuf_cottage,
          uniq_terence, uniq_jessica
D:4:      layout_basic, uniq_blork_the_orc, uniq_eustachio
D:5:      layout_basic, general_overflow_altar, uniq_menkaure, uniq_pikel
D:6:      layout_cave_pods, okawaru_trees_2, serial_shops,
          kennysheep_little_box, nicolae_shop_waterfront,
          nicolae_shop_advertising_works [nicolae_subvault_shop_adworks],
          nicolae_shop_stone, nicolae_inconvenience_store, serial_park,
          serial_park_avenue1, serial_park_square1
          [serial_park_minivault_5x5_8], serial_park_tiny_1,
          minmay_tree_intersection, dreamdust_wishing_well
D:7:      layout_basic, minmay_temple_entry_junction, serial_curves,
          eino_curves_02, eino_curves_02, serial_shops, kennysheep_mini,
          shop_statue, nicolae_shop_trees, nicolae_stop_n_shop_2,
          nicolae_shop_trees
D:8:      layout_basic, enter_bailey_3, uniq_maurice, uniq_grum
D:9:      layout_irregular_city, minmay_misc_feat_x
D:10:     layout_irregular_city, nicolae_two_hexagons
D:11:     layout_gridville, lair_entry_dummy,
          kennysheep_orc_monster_closet_entryway,
          portal_ice_cave_entry_ice_simulacra, grunt_livestock,
          serial_bayou_pond_b
Temple:   eino_narrow_crystal_temple
Lair:1:   layout_regular_city, wad_woods_river_04, lemuel_fruit_fields
Lair:2:   layout_chaotic_city, elwin_shoals_entry_rooms,
          minmay_snake_entry_guardpost_large, gammafunk_ghost_grave, uniq_maggie
Lair:3:   beast_lair_carwin_large_4, layout_big_grid,
          nicolae_quartered_pool_super
Lair:4:   layout_regular_city, gammafunk_ghost_wrathful_warriors, st_stairs_9,
          grunt_megastairs_5
Lair:5:   layout_layer_cave, hellmonk_ghost_happy_afterlife, beast_lair_carwin_4
Lair:6:   gammafunk_lair_ancient_temple, layout_misc_corridors,
          nicolae_slime_entry_slimehenge
Orc:1:    layout_caves, serial_shops, shop
Orc:2:    st_orc_mages, layout_caves, minmay_orc_temple_b, uniq_urug

Skill      XL: |  1  2  3  4  5  6  7  8  9 10 11 12 13 14 |
---------------+-------------------------------------------+-----
Fighting       | 4 5 6 8 10 11 12 13 15 | 15.7
Polearms       | 4 5 |  5.8
Armour         | 3 4 6 8 10 11 13 14 | 14.0
Dodging        | 3 |  3.4
Maces & Flails | 3 4 8 10 12 13 14 | 14.0
Shields        | 5 9 13 14 15 | 15.1
Staves         | 6 7 |  7.5

Action                   |  1- 3 |  4- 6 |  7- 9 | 10-12 | 13-15 || total
-------------------------+-------+-------+-------+-------+-------++-------
Melee: Spear             |    95 |    56 |       |       |       ||   151
       Headbutt          |     7 |    11 |    23 |    74 |   116 ||   231
       Mace              |       |    24 |   150 |   421 |   467 ||  1062
       Punch             |       |     1 |       |       |       ||     1
       Lajatang          |       |       |       |       |    23 ||    23
Throw: Throwing net      |       |       |       |       |     1 ||     1
Invok: Berserk           |     1 |     2 |     9 |    19 |    13 ||    44
       Trog's Hand       |       |     2 |     8 |    16 |    16 ||    42
 Abil: Evoke Blink       |       |       |       |       |     1 ||     1
  Use: Scroll            |     4 |       |     8 |     6 |    15 ||    33
       Potion            |       |       |       |     1 |     6 ||     7
 Stab: Sleeping          |     1 |     1 |     1 |       |       ||     3
       Distracted        |       |     1 |     1 |     3 |     6 ||    11
Armor: Animal skin       |     1 |       |       |       |       ||     1
       Leather armour    |    18 |    12 |    20 |     9 |       ||    59
       Ring mail         |     6 |       |       |       |       ||     6
       Plate armour      |       |       |       |   114 |   164 ||   278
Dodge: Dodged            |    54 |    35 |    96 |   162 |   115 ||   462
Block: Orb               |       |     3 |    38 |       |       ||    41
       Reflection        |       |     1 |     6 |       |       ||     7
       Buckler           |       |       |       |    43 |       ||    43
       Kite shield       |       |       |       |    93 |   297 ||   390

Table legend: (Time is in decaauts)
 A = Elapsed time spent in this place.
 B = Non-inter-level travel time spent in this place.
 C = Inter-level travel time spent in this place.
 D = Time resting spent in this place.
 E = Time spent auto-exploring this place.
 F = Levels seen in this place.
 G = Mean time per level.
                   A        B        C        D        E       F      G
               +--------+--------+--------+--------+--------+-----+--------+
         Total |  28804 |  25569 |   3235 |   9423 |  11271 |  20 | 1440.2 |
       Dungeon |  15302 |  13653 |   1649 |   4115 |   6982 |  11 | 1391.1 |
        Temple |    695 |    512 |    183 |    300 |    184 |   1 |  695.0 |
          Lair |  11311 |  10173 |   1138 |   4629 |   3804 |   6 | 1885.2 |
  Orcish Mines |   1494 |   1230 |    264 |    379 |    301 |   2 |  747.0 |
               +--------+--------+--------+--------+--------+-----+--------+

Top non-repeatable levels by time:
  Lair:6: 3318 daAuts
    D:11: 2639 daAuts
     D:5: 2005 daAuts
  Lair:2: 1810 daAuts
     D:6: 1639 daAuts
  Lair:4: 1620 daAuts
     D:8: 1611 daAuts
  Lair:5: 1590 daAuts
  Lair:3: 1587 daAuts
  Lair:1: 1384 daAuts
     D:7: 1289 daAuts
     D:3: 1111 daAuts
     D:9: 1085 daAuts
     D:1: 1041 daAuts
     D:4: 1024 daAuts
